 Dungeon Crawl Stone Soup version 0.28-a0-239-g68911e0c57 (webtiles) character file.

Game seed: 259356891030820948

2083 Spaninq the Cudgeller (level 9, -3/88 HPs)
             Began as a Troll Warper on Aug 23, 2021.
             Slain by a bullfrog (4 damage)
             ... on level 7 of the Dungeon.
             The game lasted 00:11:52 (4336 turns).

Spaninq the Cudgeller (Troll Warper)                Turns: 4336, Time: 00:11:53

Health: -3/88      AC:  1    Str: 24    XL:     9   Next: 6%
Magic:  18/18      EV: 10    Int:  9    God:
Gold:   310        SH:  0    Dex:  9    Spells: 8/10 levels left

rFire   . . .      SeeInvis .   h - +8 flail (protect)
rCold   . . .      Faith    .   (no shield)
rNeg    . . .      Spirit   .   a - +1 robe
rPois   .          Reflect  .   s - +0 hat
rElec   .          Harm     .   (no cloak)
rCorr   .          Rampage  .   (gloves unavailable)
Will    .....                   (boots unavailable)
Stlth   +.........              (no amulet)
HPRegen 1.24/turn               q - ring of magical power
MPRegen 0.16/turn               (no ring)

@: corroded
A: large, unfitting armour, claws 3, regeneration 1, shaggy fur 1, tough skin 1
a: no special abilities


You were on level 7 of the Dungeon.
You visited 2 branches of the dungeon, and saw 8 of its levels.

You collected 310 gold pieces.

Inventory:

Hand Weapons
 h - a +8 flail of protection (weapon)
Missiles
 c - 5 boomerangs of dispersal
 d - 48 poisoned darts (quivered)
 e - 2 boomerangs
Armour
 a - a +1 robe (worn)
 s - a +0 hat (worn)
Jewellery
 q - a ring of magical power (left claw)
Wands
 i - a wand of mindburst (6)
 o - a wand of flame (37)
Scrolls
 b - a scroll of blinking
 k - 3 scrolls of teleportation
Potions
 f - 4 potions of flight
 g - a potion of mutation {unknown}
 j - 2 potions of brilliance {unknown}
 l - 2 potions of degeneration {unknown}
 m - a potion of attraction {unknown}
 n - 2 potions of curing {unknown}
 p - 3 potions of heal wounds
 r - 2 potions of ambrosia {unknown}


   Skills:
 + Level 5.1 Fighting
 * Level 6.4 Maces & Flails
 - Level 0.8 Throwing
 - Level 4.1 Armour
 + Level 3.0 Dodging
 - Level 4.8 Unarmed Combat
 - Level 1.2 Spellcasting
 - Level 2.1 Translocations


You had 8 spell levels left.
You knew the following spells:

 Your Spells              Type           Power      Damage    Failure   Level
a - Blink                 Tloc           N/A        N/A       22%         2

Your spell library contained the following spells:

 Spells                   Type           Power      Damage    Failure   Level
 Foxfire                  Conj/Fire      0%         2x1d4     36%         1
 Gell's Gravitas          Tloc           2%         N/A       41%         3
 Lesser Beckoning         Tloc           2%         N/A       41%         3
 Teleport Other           Tloc           4%         N/A       41%         3
 Corpse Rot               Necr/Air       N/A        N/A       50%         2
 Conjure Flame            Conj/Fire      0%         6-21      73%         3
 Inner Flame              Hex/Fire       0%         N/A       73%         3
 Dispel Undead            Necr           0%         3d6       98%         4
 Manifold Assault         Tloc           4%         N/A       99%         5
 Death Channel            Necr           0%         N/A       100%        6


Dungeon Overview and Level Annotations

Branches:
Dungeon (7/15)             Temple (1/1) D:4

Altars:
Cheibriados
Dithmenos
Fedhas
Gozag
Hepliaklqana
Kikubaaqudgha
Makhleb
Nemelex Xobeh
Qazlal
Ru
Sif Muna
Uskayaw
Vehumet
Xom
Zin
The Shining One

Shops:
D:1 =   D:3 !


Innate Abilities, Weirdness & Mutations

You are too large for most types of armour.
You have claws for hands.
Your natural rate of healing is unusually fast.
You are covered in fur. (AC +1)
You have tough skin. (AC +1)


Message History

Found 6 poisoned darts.
Found a stone staircase leading down.
d - 48 poisoned darts (gained 6)
There is a stone staircase leading down here.
Found a pair of embroidered boots.
There is an open door here.
You see here a +2 pair of boots.
You see here a scroll of noise.
You pick up a book of Decay and begin reading...
You add the spells Corpse Rot, Dispel Undead and Death Channel to your library.
Found a book of Spatial Translocations.
Found 13 stones.
Found a glowing brown potion.
A centaur comes into view. It is carrying a wand of acid (8).
The centaur wields a +0 shortbow.
The centaur shoots an arrow.
The arrow hits you!
Found a club.
The centaur shoots an arrow.
The arrow hits you!
You hear a croak.
You see here a glowing brown potion.
The centaur shoots an arrow.
The arrow barely misses you.
A bullfrog comes into view.
The centaur zaps a wand.
The bolt of acid hits you!! The acid corrodes you!
You are splashed with acid!
The centaur shoots an arrow.
The arrow barely misses you.
The centaur zaps a wand.
The bolt of acid hits you!!
* * * LOW HITPOINT WARNING * * *
You are splashed with acid!
* * * LOW HITPOINT WARNING * * *
The bullfrog hits you.
* * * LOW HITPOINT WARNING * * *
The centaur unwields a +0 shortbow.
The centaur hits you.
* * * LOW HITPOINT WARNING * * *
The centaur kicks you.
* * * LOW HITPOINT WARNING * * *
The centaur hits you.
* * * LOW HITPOINT WARNING * * *
The centaur kicks you.
* * * LOW HITPOINT WARNING * * *
The bullfrog hits you.
You die...

#.....# ..
#.....# ...
#.....#
....#.....#
...#....)#
...'.....#
#.....#
#..c@.#
#..F..#
#.....#
+.....#
#...!.#
#.....#
#.....#
#.....#
#.....#


You could see a bullfrog and a centaur.

Vanquished Creatures
  A wyvern (D:6)
  Menkaure (D:4)
  A water moccasin (D:5)
  Edmund (D:4)
  2 sky beasts (D:6)
  A hornet zombie (D:7)
  A necrophage (D:7)
  3 centaurs
  Blork the orc (D:4)
  A scorpion (D:7)
  2 bullfrogs (D:6)
  A killer bee (D:7)
  4 howler monkeys
  2 centaur zombies
  A bullfrog zombie (D:5)
  A hound (D:5)
  2 centaur skeletons (D:6)
  2 orc priests (D:5)
  2 bullfrog skeletons (D:5)
  2 iguanas
  An orc wizard (D:4)
  A howler monkey zombie (D:6)
  8 adders
  A shadow imp (D:5)
  2 ufetubi (D:6)
  2 worms
  13 orcs
  4 ball pythons
  4 bats
  6 endoplasms
  2 giant cockroaches (D:3)
  5 goblins
  5 hobgoblins
  5 quokkas
  3 frilled lizards
  6 kobolds
  6 rats
106 creatures vanquished.

Notes
Turn   | Place    | Note
-------+----------+-------------------------------------------
     0 | D:1      | Spaninq the Troll Warper began the quest for the Orb.
     0 | D:1      | Reached XP level 1. HP: 19/19 MP: 1/1
   151 | D:1      | Reached XP level 2. HP: 28/28 MP: 2/2
   154 | D:1      | Learned a level 2 spell: Blink
   304 | D:1      | Found Rizakkus's Jewellery Boutique.
   643 | D:2      | Reached XP level 3. HP: 24/35 MP: 3/3
   770 | D:2      | Reached skill level 1 in Armour
  1317 | D:3      | Found Faeratez's Distillery.
  1350 | D:3      | Found a hazy altar of Hepliaklqana.
  1577 | D:3      | Reached XP level 4. HP: 39/42 MP: 4/4
  1625 | D:3      | Found a burning altar of Makhleb.
  2007 | D:4      | Noticed Blork the orc
  2012 | D:4      | Killed Blork the orc
  2013 | D:4      | Reached XP level 5. HP: 50/50 MP: 5/5
  2052 | D:4      | Found a staircase to the Ecumenical Temple.
  2063 | Temple   | Entered the Ecumenical Temple
  2309 | D:4      | Noticed Edmund
  2402 | D:4      | Killed Edmund
  2403 | D:4      | Reached XP level 6. HP: 58/59 MP: 6/6
  2609 | D:4      | Noticed Menkaure
  2617 | D:4      | Killed Menkaure
  2618 | D:4      | Reached skill level 1 in Maces & Flails
  2841 | D:5      | Entered Level 5 of the Dungeon
  2857 | D:5      | Reached skill level 2 in Maces & Flails
  2859 | D:5      | Noticed a water moccasin
  2868 | D:5      | Killed a water moccasin
  2869 | D:5      | Reached XP level 7. HP: 63/67 MP: 7/7
  2907 | D:5      | Reached skill level 3 in Maces & Flails
  3430 | D:5      | Reached skill level 4 in Maces & Flails
  3590 | D:6      | Reached XP level 8. HP: 73/78 MP: 8/8
  3649 | D:6      | Reached skill level 5 in Maces & Flails
  3733 | D:6      | Found a snail-covered altar of Cheibriados.
  3907 | D:6      | Found a sparkling altar of Nemelex Xobeh.
  4182 | D:7      | Reached skill level 6 in Maces & Flails
  4184 | D:7      | Reached skill level 5 in Fighting
  4225 | D:7      | Reached XP level 9. HP: 72/88 MP: 9/9
  4335 | D:7      | HP: 4/88 [centaur (3)]
  4336 | D:7      | HP: 1/88 [centaur (2)]
  4336 | D:7      | Slain by a bullfrog

Illustrated notes

Levels and vault maps discovered:
D:1:      mrwooster_arrival_statue_2, layout_loops_ring, serial_shops,
          nicolae_shop_waterfront
D:2:      layout_rooms
D:3:      layout_loops_corners, mainiacjoe_overflow_alcove_2,
          mainiacjoe_overflow_catwalk, serial_shops,
          nicolae_shop_temple_entry_statues_fountains, kennysheep_crisscross
D:4:      layout_basic, minmay_temple_entry_glass, uniq_edmund,
          uniq_blork_the_orc, uniq_menkaure
D:5:      layout_basic, st_stairs_6
D:6:      layout_cave_pools, cheibriados_altar_1,
          nemelex_xobeh_ov_fountains_minmay
D:7:      layout_gridville, lemuel_doored_altar, st_stairs_1,
          chequers_serial_rivers_room_b
Temple:   minmay_temple_bridge_abc

Skill      XL: |  1  2  3  4  5  6  7  8  9 |
---------------+----------------------------+-----
Fighting       | 2 3 4 5 |  5.1
Unarmed Combat | 3 4 |  4.8
Armour         | 1 2 3 4 |  4.1
Maces & Flails | 2 4 6 |  6.4
Dodging        | 2 3 |  3.0
Throwing       | |  0.8
Spellcasting   | |  1.2
Translocations | |  2.1

Action                   |  1- 3 |  4- 6 |  7- 9 || total
-------------------------+-------+-------+-------++-------
Melee: Unarmed           |   109 |    60 |       ||   169
       Flail             |       |    33 |   120 ||   153
       Punch             |       |     1 |     4 ||     5
Throw: Dart              |     8 |     2 |       ||    10
       Boomerang         |       |       |     2 ||     2
  Use: Scroll            |     3 |       |     2 ||     5
Armor: Robe              |    33 |    31 |    85 ||   149
Dodge: Dodged            |    36 |    33 |    74 ||   143

Table legend: (Time is in decaauts)
 A = Elapsed time spent in this place.
 B = Non-inter-level travel time spent in this place.
 C = Inter-level travel time spent in this place.
 D = Time resting spent in this place.
 E = Time spent auto-exploring this place.
 F = Levels seen in this place.
 G = Mean time per level.
                   A        B        C        D        E       F      G
               +--------+--------+--------+--------+--------+-----+--------+
         Total |   4357 |   4190 |    167 |     40 |   3068 |   8 |  544.6 |
       Dungeon |   4163 |   4018 |    145 |     40 |   2901 |   7 |  594.7 |
        Temple |    194 |    172 |     22 |      0 |    167 |   1 |  194.0 |
               +--------+--------+--------+--------+--------+-----+--------+

Top non-repeatable levels by time:
     D:3: 870 daAuts
     D:4: 740 daAuts
     D:5: 674 daAuts
     D:1: 584 daAuts
     D:6: 582 daAuts
     D:2: 448 daAuts
     D:7: 262 daAuts
  Temple: 194 daAuts
